 Dungeon Crawl Stone Soup version 0.30-a0-571-gdf30a72648 (webtiles) character file.

Game seed: 7688572987607706283

2688 Sabo the Shield-Bearer (level 9, -2/54 HPs)
             Began as a Gargoyle Fighter on Dec 29, 2022.
             Was an Initiate of Ashenzari.
             Slain by a gnoll
             ... wielding a +2 halberd of venom
             ... led by a gnoll bouda
              (5 damage)
             ... on level 7 of the Dungeon.
             The game lasted 00:35:58 (6321 turns).

Sabo the Shield-Bearer (Gargoyle Fighter)           Turns: 6321, Time: 00:35:58

Health: -2/54      AC: 22    Str: 23    XL:     9   Next: 64%
Magic:  9/9        EV: 13    Int: 10    God:    Ashenzari [......]
Gold:   381        SH: 10    Dex: 12    Spells: 8/8 levels left

rFire   . . .      SeeInvis .    w - +5 hammer "Xoak" {heavy, Dex+3 Stlth+}
rCold   + . .      Faith    .    c - +0 buckler
rNeg    + . .      Spirit   .    I - +1 chain mail {rC+}
rPois   ∞          Reflect  +    (no helmet)
rElec   +          Harm     .    z - +1 cloak
rCorr   .          Rampage  .    j - +0 pair of gloves
Will    .....                    K - +0 pair of boots Stlth
                                 e - amulet of reflection
HPRegen 0.29/turn                l - +5 ring of evasion
MPRegen 0.11/turn                (no ring)

@: brilliant, weakened
A: sickness immunity, AC +6, negative energy resistance 1, electricity
resistance, torment resistance 1, petrification resistance
a: Renounce Religion


You were on level 7 of the Dungeon.
You worshipped Ashenzari.
Ashenzari was noncommittal.
You visited 2 branches of the dungeon, and saw 8 of its levels.
You also visited: Sewer.

You collected 381 gold pieces.

Inventory:

Hand Weapons
 a - a +0 war axe
 v - a +2 hammer of venom
 w - the +5 hammer "Xoak" (weapon) {heavy, Dex+3 Stlth+}
   (You found it on level 3 of the Dungeon)

   It deals dramatically more damage, but attacks with it are much slower.
   Dex:       It affects your dexterity (+3).
   Stlth:     It makes you more stealthy.
 x - a +2 hammer of draining
 y - a +4 quarterstaff of chaos
 H - a +0 shortbow
Armour
 c - a +0 buckler (worn)
 j - a +0 pair of gloves (worn)
 z - a +1 cloak (worn)
 I - a +1 chain mail of cold resistance (worn)
 K - a +0 pair of boots (worn)
Jewellery
 e - an amulet of reflection (around neck)
 l - a +5 ring of evasion (left hand)
Wands
 b - a wand of digging (6)
 i - a wand of polymorph (11)
 n - a wand of acid (17)
 r - a wand of mindburst (8)
 t - a wand of flame (19)
 C - a wand of roots (7)
Scrolls
 f - 3 scrolls of fear
 h - 2 scrolls of enchant weapon
 o - a scroll of poison
 q - a scroll of summoning
 B - a scroll of identify
Potions
 d - a potion of might
 g - a potion of attraction {unknown}
 k - a potion of brilliance
 m - a potion of curing {unknown}
 p - a potion of resistance {unknown}
 s - a potion of mutation {unknown}
 u - a potion of berserk rage {unknown}
 A - a potion of heal wounds {unknown}
 F - a potion of flight {unknown}
 G - a potion of invisibility {unknown}


   Skills:
 + Level 5.6 Fighting
 + Level 5.6(6.5) Axes
 + Level 5.2(6.6) Maces & Flails
 + Level 6.9 Armour
 + Level 2.8 Dodging
 + Level 2.1 Stealth
 + Level 7.2 Shields


You had 8 spell levels left.
You didn't know any spells.
Your spell library contained the following spells:

 Spells                   Type           Power      Damage    Failure   Level
 Magic Dart               Conj           0%         1d3       97%         1
 Searing Ray              Conj           0%         2d4       99%         2
 Wereblood                Tmut           0%         N/A       99%         2
 Vhi's Electric Charge    Tloc/Air       0%         N/A       100%        3
 Fulminant Prism          Conj/Hex       0%         3d5       100%        4
 Arcjolt                  Conj/Air       0%         1d10      100%        5
 Summon Forest            Summ/Tloc      0%         N/A       100%        5
 Summon Mana Viper        Hex/Summ       0%         N/A       100%        5
 Summon Cactus Giant      Summ           0%         N/A       100%        6
 Summon Hydra             Summ           0%         N/A       100%        7
 Maxwell's Capacitive Co  Air            0%         ∞         100%        8
 Sublimation of Blood     Necr           Unusable   N/A       N/A         2

Dungeon Overview and Level Annotations

Branches:
Dungeon (7/15)             Temple (1/1) D:6           Sewer (visited)

Altars:
Ashenzari
Dithmenos
Elyvilon
Fedhas
Gozag
Hepliaklqana
Kikubaaqudgha
Makhleb
Nemelex Xobeh
Okawaru
Qazlal
Ru
Sif Muna
Trog
Uskayaw
Vehumet
Wu Jian
Xom
Yredelemnul
Zin
The Shining One

Annotations:
D:7 Joseph


Innate Abilities, Weirdness & Mutations

You are immune to sickness and miasma.
Your stone body is resilient. (AC +6)
You are immune to poison.
You resist negative energy. (rN+)
You are resistant to electric shocks. (rElec)
You are resistant to unholy torment.
You are immune to petrification.


Message History

Joseph hits you with a +0 quarterstaff.
* * * LOW HITPOINT WARNING * * *
The centaur hits you but does no damage.
The centaur misses you. The gnoll closely misses you.
The gnoll bouda barks out a call to the hunt!
The gnoll picks up the pace!
The gnoll hits you but does no damage.
As you read the scroll of summoning, it crumbles to dust.
Wisps of shadow whirl around you... Joseph completely misses you.
You block the centaur's attack.
The centaur kicks you but does no damage.
You block the gnoll's attack. You block the gnoll bouda's attack.
You block the gnoll's attack.
You hit Joseph but do no damage.
Joseph is lightly wounded.
You block the centaur's attack.
The centaur kicks you but does no damage.
Your wyvern barely misses Joseph.
Joseph hits you with a +0 quarterstaff.
* * * LOW HITPOINT WARNING * * *
The centaur hits you but does no damage.
The centaur kicks you but does no damage.
You block the gnoll's attack. The gnoll bouda closely misses you.
The gnoll hits you but does no damage.
Your orc curses to no one in particular.
Your orc hits the gnoll bouda with a +0 falchion.
Your iguana bites the gnoll!
You block Joseph's attack.
Your wyvern barely misses Joseph.
The centaur closely misses you. The centaur barely misses you.
It was a potion of brilliance.
You feel clever all of a sudden.
Your wyvern barely misses Joseph.
You block the gnoll's attack.
The gnoll bouda gazes fiercely through you!
You feel your attacks grow feeble. The gnoll bouda barely misses you.
The centaur hits you but does no damage.
The centaur kicks you but does no damage.
Your iguana bites the gnoll!
The gnoll dies!
The gnoll hits you from afar with a +2 halberd of venom.
You die...

#..#............#
##..##..........## .
#.............###. .<
..............###. ...
#.........#...#. ....
#.......###.... .....
###..............
.....g##.#|........#..##
...oo.g@.........####...
###..o)@c###......# ##..
##..ll.# #.......# #..
#..o..# #............
......................
.......................
#......................#
.......................#
........#........


You could see Joseph (ally target), a centaur, a gnoll bouda (ally target), a
gnoll (swift), a friendly wyvern (summoned), a friendly iguana (summoned), a
friendly orc wizard (summoned) and 3 friendly orcs.

Vanquished Creatures
  Pikel (D:5)
  A hornet (D:6)
  Grinder (D:4)
  Sigmund (D:3)
  A wyvern (D:7)
  Menkaure (D:7)
  An ice beast (D:5)
  2 ogres
  A centaur (D:5)
  2 bullfrogs (Sewer)
  2 necrophages
  2 scorpions (D:5)
  A howler monkey (D:5)
  3 jellies
  2 hounds
  An orc priest (D:5)
  Crazy Yiuf (D:3)
  Ijyb (D:5)
  Natasha (twice) (D:2)
  2 iguanas
  3 orc wizards (D:5)
  A gnoll (D:7)
  13 adders
  5 river rats
  3 white imps
  An ufetubus (D:5)
  A worm (D:3)
  2 dart slugs
  3 orcs
  18 ball pythons
  6 endoplasms
  A giant cockroach (D:3)
  13 goblins
  6 hobgoblins
  2 jackals (D:1)
  A quokka (D:1)
  9 bats
  7 frilled lizards
  3 kobolds
  24 rats
151 creatures vanquished.

Vanquished Creatures (collateral kills)
  A gnoll (D:7)
1 creature vanquished.

Grand Total: 152 creatures vanquished

Notes
Turn   | Place    | Note
-------+----------+-------------------------------------------
     0 | D:1      | Sabo the Gargoyle Fighter began the quest for the Orb.
     0 | D:1      | Reached XP level 1. HP: 14/14 MP: 1/1
     0 | D:1      | Noticed a minotaur skeleton
     6 | D:1      | Noticed a minotaur skeleton
   210 | D:1      | Reached XP level 2. HP: 19/19 MP: 2/2
   631 | D:1      | Reached XP level 3. HP: 23/23 MP: 3/3
   646 | D:1      | You fall into a shaft and drop 1 floor!
  1182 | D:2      | Noticed Natasha
  1189 | D:2      | Killed Natasha
  1190 | D:2      | Reached skill level 4 in Shields
  1190 | D:2      | Reached XP level 4. HP: 17/28 MP: 4/4
  1475 | D:2      | Noticed Natasha
  1487 | D:2      | Killed Natasha
  2182 | D:3      | Noticed Sigmund
  2188 | D:3      | Killed Sigmund
  2189 | D:3      | Reached XP level 5. HP: 33/33 MP: 5/5
  2189 | D:3      | Reached XP level 6. HP: 38/38 MP: 6/6
  2429 | D:3      | Found a glowing drain.
  2463 | Sewer    | Entered a sewer
  2840 | Sewer    | Reached XP level 7. HP: 31/43 MP: 7/7
  2841 | Sewer    | Reached skill level 5 in Armour
  3308 | D:3      | Reached skill level 1 in Dodging
  3316 | D:3      | Identified the +5 hammer "Xoak" {heavy, Dex+3 Stlth+}
  3340 | D:3      | Found a runed translucent door.
  3341 | D:3      | Noticed Crazy Yiuf
  3348 | D:3      | Killed Crazy Yiuf
  3556 | D:4      | Reached skill level 5 in Shields
  3710 | D:4      | Reached skill level 1 in Stealth
  3799 | D:4      | Noticed Grinder
  3815 | D:4      | Paralysed by Grinder for 2 turns
  3819 | D:4      | Killed Grinder
  3820 | D:4      | Reached skill level 5 in Axes
  3820 | D:4      | Reached XP level 8. HP: 34/48 MP: 8/8
  4218 | D:5      | Entered Level 5 of the Dungeon
  4230 | D:5      | Reached skill level 1 in Maces & Flails
  4246 | D:5      | Noticed Pikel
  4253 | D:5      | Killed Pikel
  4254 | D:5      | Reached skill level 5 in Fighting
  4254 | D:5      | Reached skill level 6 in Shields
  4358 | D:5      | Reached XP level 9. HP: 53/54 MP: 9/9
  4512 | D:5      | Found a bloodstained altar of Trog.
  4538 | D:5      | Noticed Ijyb
  4546 | D:5      | Killed Ijyb
  4597 | D:5      | Found a shimmering blue altar of Sif Muna.
  5147 | D:6      | Found a glowing silver altar of Zin.
  5343 | D:6      | Found a glowing golden altar of the Shining One.
  5503 | D:6      | Found a staircase to the Ecumenical Temple.
  5512 | Temple   | Entered the Ecumenical Temple
  5729 | Temple   | Became a worshipper of Ashenzari the Shackled
  5842 | D:6      | Noticed a hornet
  5852 | D:6      | Killed a hornet
  6041 | D:7      | Reached skill level 7 in Shields
  6075 | D:7      | Reached skill level 5 in Maces & Flails
  6102 | D:7      | Noticed Menkaure
  6115 | D:7      | Killed Menkaure
  6306 | D:7      | Noticed Joseph
  6321 | D:7      | Slain by a gnoll

Illustrated notes

Levels and vault maps discovered:
D:1:      shiori_arrival_whats_in_store_for_you, layout_basic,
          grunt_decor_mini_mirrors, minmay_tetromino_s2
D:2:      layout_loops_corners, hangedman_decor_clover_reticule,
          minmay_ruptured, uniq_natasha
D:3:      layout_rooms, cheibrodos_sewer_entry_sluice, minmay_hedge_maze,
          chequers_serial_rivers_small_b, uniq_crazy_yiuf_cottage, uniq_sigmund
D:4:      layout_basic, uniq_grinder
D:5:      layout_loops_ring, nicolae_overflow_crystal_walls,
          trog_three_pillars_becter, amcnicky_mini_pool_medium, uniq_pikel,
          uniq_ijyb
D:6:      layout_cave_pools, nicolae_tso_swordbearing_angel, zin_academy,
          minmay_temple_entry_poolview
D:7:      layout_cave_pools, uniq_menkaure, uniq_joseph, uniq_duvessa
Temple:   bh_familiar_temple

Skill      XL: |  1  2  3  4  5  6  7  8  9 |
---------------+----------------------------+-----
Axes           | 2 3 4 5 |  5.6
Armour         | 4 5 6 |  6.9
Shields        | 4 5 6 7 |  7.2
Fighting       | 4 5 |  5.6
Dodging        | 1 2 |  2.8
Stealth        | 1 2 |  2.1
Maces & Flails | 2 5 |  5.2

Action                   |  1- 3 |  4- 6 |  7- 9 || total
-------------------------+-------+-------+-------++-------
Melee: War axe           |    96 |   151 |    22 ||   269
       Mace              |       |       |   129 ||   129
  Use: Scroll            |     3 |     2 |     7 ||    12
       Potion            |       |     2 |     3 ||     5
Armor: Scale mail        |    46 |   100 |    41 ||   187
       Chain mail        |       |       |    46 ||    46
Dodge: Dodged            |    39 |   135 |   130 ||   304
Block: Buckler           |    50 |   136 |   133 ||   319
       Reflection        |     2 |       |     5 ||     7

Table legend: (Time is in decaauts)
 A = Elapsed time spent in this place.
 B = Non-inter-level travel time spent in this place.
 C = Inter-level travel time spent in this place.
 D = Time resting spent in this place.
 E = Time spent auto-exploring this place.
 F = Levels seen in this place.
 G = Mean time per level.
                   A        B        C        D        E       F      G
               +--------+--------+--------+--------+--------+-----+--------+
         Total |   6576 |   6576 |      0 |    746 |      0 |   9 |  730.7 |
       Dungeon |   5718 |   5718 |      0 |    578 |      0 |   7 |  816.9 |
        Temple |    294 |    294 |      0 |      0 |      0 |   1 |  294.0 |
         Sewer |    563 |    563 |      0 |    168 |      0 |   1 |  563.0 |
               +--------+--------+--------+--------+--------+-----+--------+

Top non-repeatable levels by time:
     D:2: 1251 daAuts
     D:1: 994 daAuts
     D:5: 968 daAuts
     D:3: 883 daAuts
     D:4: 705 daAuts
     D:6: 609 daAuts
   Sewer: 563 daAuts
     D:7: 306 daAuts
  Temple: 294 daAuts
